 Dungeon Crawl Stone Soup version 0.30.0 (webtiles) character file.

Game seed: 9012947895686097331

93 AlmostAGhost the Slasher (level 4, 0/34 HPs)
             Began as a Demonspawn Gladiator on May 6, 2023.
             Slain by a gnoll
             ... wielding a +0 spear
              (6 damage)
             ... on level 3 of the Dungeon.
             The game lasted 00:09:55 (1748 turns).

AlmostAGhost the Slasher (Demonspawn Gladiator)     Turns: 1748, Time: 00:09:55

Health: 0/34       AC: 12    Str: 17    XL:     4   Next: 36%
Magic:  4/4        EV:  9    Int:  9    God:
Gold:   69         SH:  0    Dex: 14    Spells: 3/3 levels left

rFire   . . .        a - +0 long sword
rCold   . . .        (no shield)
rNeg    . . .        C - +0 chain mail
rPois   .            c - +0 helmet
rElec   .            n - +0 cloak
rCorr   .            B - +0 pair of gloves
SInv    .            D - +0 pair of boots
Will    .....        (no amulet) Stlth
                     (no ring)
HPRegen 0.25/turn    (no ring)
MPRegen 0.09/turn

%: no passive effects
@: no status effects
A: spiny 1, sturdy frame 1
a: no special abilities


You were on level 3 of the Dungeon.
You visited 1 branch of the dungeon, and saw 3 of its levels.

You collected 69 gold pieces.

Inventory:

Hand Weapons
 a - a +0 long sword (weapon)
 q - a +0 battleaxe
 A - a +0 falchion
Missiles
 d - 3 throwing nets (quivered)
 e - a javelin
 j - 17 stones
Armour
 b - a +0 leather armour
 c - a +0 helmet (worn)
 n - a +0 cloak (worn)
 t - a +0 scale mail
 B - a +0 pair of gloves (worn)
 C - a +0 chain mail (worn)
 D - a +0 pair of boots (worn)
Scrolls
 f - a scroll of amnesia
 i - 3 scrolls of teleportation
 k - a scroll of magic mapping
 m - a scroll of brand weapon {unknown}
 r - a scroll of noise
 u - 4 scrolls of poison
 w - a scroll of silence {unknown}
 y - a scroll of vulnerability {unknown}
Potions
 g - a potion of heal wounds {unknown}
 h - a potion of attraction {unknown}
 l - a potion of might {unknown}
 o - a potion of mutation {unknown}
 p - a potion of berserk rage
 v - a potion of degeneration {unknown}
 x - a potion of curing {unknown}
 z - 3 potions of brilliance


   Skills:
 + Level 2.4 Fighting
 + Level 3.8 Long Blades
 + Level 1.8 Throwing
 + Level 1.0 Armour
 + Level 3.3 Dodging
 + Level 0.2 Stealth


You had 3 spell levels left.
You didn't know any spells.
Your spell library contained the following spells:

 Spells                   Type           Power      Damage    Failure   Level
 Summon Small Mammal      Summ           0%         N/A       94%         1
 Summon Guardian Golem    Hex/Summ       0%         N/A       100%        3
 Animate Dead             Necr           0%         N/A       100%        4
 Summon Cactus Giant      Summ           0%         N/A       100%        6
 Orb of Destruction       Conj           0%         9d5       100%        7
 Spellforged Servitor     Conj/Summ      0%         N/A       100%        7
 Borgnjor's Revivificati  Necr           0%         N/A       100%        8


Dungeon Overview and Level Annotations

Branches:
Dungeon (3/15)

Altars:


Innate Abilities, Weirdness & Mutations

You are partially covered in sharp spines.
Your movements are slightly less encumbered by armour. (ER -2)


Message History

As you read the scroll of identify, it crumbles to dust.
u - 4 scrolls of poison
As you read the scroll of identify, it crumbles to dust.
z - 3 potions of brilliance
Found a stone staircase leading down. 2 gnolls come into view.
A gnoll is wielding a +3 flail of protection.
The gnoll shouts! x2
A gnoll comes into view. It is wielding a +0 whip of pain.
The gnoll shouts!
You hear a shout!
A gnoll comes into view. It is wielding a +0 spear.
You closely miss the gnoll. The gnoll is struck by your spines.
The gnoll hits you with a +3 flail of protection.
The gnoll hits you from afar with a +0 spear.
You barely miss the gnoll.
The gnoll is heavily wounded.
The gnoll hits you with a +3 flail of protection.
The gnoll barely misses you.
You hit the gnoll but do no damage.
The gnoll is heavily wounded.
The gnoll is struck by your spines.
The gnoll hits you with a +3 flail of protection!
The gnoll hits you but does no damage.
You are too injured to fight recklessly!
You hit the gnoll but do no damage.
The gnoll is almost dead.
The gnoll hits you with a +3 flail of protection.
The gnoll barely misses you. The gnoll hits you but does no damage.
You barely miss the gnoll.
The gnoll is almost dead.
The gnoll hits you with a +3 flail of protection.
The gnoll barely misses you. The gnoll hits you but does no damage.
The gnoll closely misses you. The gnoll barely misses you.
The gnoll hits you but does no damage.
You hit the gnoll but do no damage.
The gnoll is almost dead.
The gnoll hits you with a +3 flail of protection.
* * * LOW HITPOINT WARNING * * *
The gnoll hits you from afar with a +0 spear.
You die...

.###.#
......#.#...# .#
#######.#.#...#...#
.#
#.......###...#...#
.#
#...............# #
####.....###.##..#
#....g#.## #... .#
#.#.gg#.# ####.##
##...#g#.. #
#..g##@####
#...g##.....#
..>..##.##..##.#
##.# ...#..##.# #
##..#.###.# .g.#.#
#.# ...### #.# ##.#
#.# ..#


You could see 4 gnolls.

Vanquished Creatures
  3 adders
  2 worms (D:2)
  A dart slug (D:3)
  3 orcs (D:3)
  2 ball pythons
  7 endoplasms
  A giant cockroach (D:1)
  3 goblins
  4 hobgoblins (D:1)
  6 jackals
  2 kobolds (D:2)
  3 quokkas
  5 bats
  2 frilled lizards (D:1)
  8 rats
52 creatures vanquished.

Notes
Turn   | Place    | Note
-------+----------+-------------------------------------------
     0 | D:1      | AlmostAGhost the Demonspawn Gladiator began the quest for
                  | the Orb.
     0 | D:1      | Reached XP level 1. HP: 16/16 MP: 1/1
   180 | D:1      | Gained mutation: You are partially covered in sharp spines.
                  | [demonic ancestry]
   180 | D:1      | Reached XP level 2. HP: 22/22 MP: 2/2
   807 | D:2      | Reached XP level 3. HP: 26/27 MP: 3/3
   976 | D:2      | Got the Codex of the Boggart and Nightshade
  1504 | D:3      | Gained mutation: Your movements are slightly less
                  | encumbered by armour. (ER -2) [demonic ancestry]
  1504 | D:3      | Reached XP level 4. HP: 33/33 MP: 4/4
  1644 | D:3      | Reached skill level 1 in Armour
  1748 | D:3      | Slain by a gnoll

Illustrated notes

Levels and vault maps discovered:
D:1:      kennysheep_arrival_forest, layout_basic, minivault_19,
          nicolae_figureground_pulse
D:2:      layout_basic
D:3:      layout_basic

Skill      XL: |  1  2  3  4 |
---------------+-------------+-----
Dodging        | 3 |  3.3
Long Blades    | 3 |  3.8
Armour         | 1 |  1.0
Fighting       | |  2.4
Throwing       | |  1.8
Stealth        | |  0.2

Action                     |  1- 3 |  4- 6 || total
---------------------------+-------+-------++-------
  Melee: Long sword        |    97 |    17 ||   114
    Use: Scroll            |     3 |     3 ||     6
         Potion            |     1 |       ||     1
   Stab: Sleeping          |     1 |       ||     1
 Armour: Leather armour    |    33 |       ||    33
         Scale mail        |     6 |     5 ||    11
         Chain mail        |       |     4 ||     4
  Dodge: Dodged            |    56 |    11 ||    67
